 Dungeon Sprint DCSS version 0.31.0-32-g396128a36d (webtiles) character file.

Game seed: 8440332620033776909

312 Groucho the Digger (level 6, -3/30 HPs)
             Began as a Spriggan Earth Elementalist on Mar 12, 2024.
             Was a High Priest of Sif Muna.
             Slain by a white ugly thing (28 damage)
             ... in the Dungeon (Sprint VII: "The Pits").
             The game lasted 00:04:37 (1949 turns).

Groucho the Digger (Spriggan Earth Elementalist)    Turns: 1949, Time: 00:04:37

Health: -3/30      AC:  2    Str:  4    XL:     6   Next: 18%
Magic:  16/16      EV: 17    Int: 19    God:    Sif Muna [*****.]
Gold:   0          SH:  0    Dex: 15    Spells: 10/18 levels left

rFire   . . .        h - +2 dagger
rCold   . . .        (no shield)
rNeg    . . .        a - +0 robe
rPois   .            (helmet restricted)
rElec   .            (no cloak)
rCorr   .            (gloves unavailable)
SInv    +            (boots unavailable)
Will    +....        (no amulet)
Stlth   +++          (no ring)
HPRegen 0.25/turn    (no ring)
MPRegen 0.15/turn

%: no teleportation
@: very quick
A: very small, no large weapons, unfitting armour, see invisible, speed 3
a: Renounce Religion, Channel Magic, Forget Spell, Divine Exegesis


You were in the Dungeon.
You worshipped Sif Muna.
Sif Muna was extremely pleased with you.
You visited 1 branch

Inventory:

Hand Weapons
 h - a +2 dagger (weapon)
Armour
 a - a +0 robe (worn)
Scrolls
 g - a scroll of blinking
 j - 2 scrolls of vulnerability
 k - 5 scrolls of amnesia
 l - a scroll of summoning
Potions
 b - 5 potions of magic
 c - 6 potions of curing
 d - 5 potions of heal wounds
 e - a potion of haste
 f - 3 potions of berserk rage
 i - 2 potions of invisibility


   Skills:
 + Level 1.2 Fighting
 + Level 1.8 Short Blades
 - Level 2.6 Dodging
 + Level 4.2 Stealth
 + Level 6.6 Spellcasting
 * Level 5.6 Conjurations
 * Level 7.3 Earth Magic
 + Level 1.7 Alchemy
 + Level 4.2 Invocations


You had 10 spell levels left.
You knew the following spells:

 Your Spells              Type           Power      Damage    Failure   Level
a - Sandblast             Erth           68%        2d15      1%          1
b - Stone Arrow           Conj/Erth      60%        3d10      2%          3
c - Petrify               Alch/Erth      23%        N/A       16%         4

Your spell library contained the following spells:

 Spells                   Type           Power      Damage    Failure   Level
 Passwall                 Erth           34%        N/A       1%          3
 Brom's Barrelling Bould  Conj/Erth      30%        2d5       8%          4


Dungeon Overview and Level Annotations

Branches:
Dungeon (1/1)

Altars:
Ashenzari
Cheibriados
Dithmenos
Elyvilon
Fedhas
Gozag
Hepliaklqana
Kikubaaqudgha
Makhleb
Nemelex Xobeh
Okawaru
Qazlal
Ru
Sif Muna
Trog
Uskayaw
Vehumet
Wu Jian
Xom
Yredelemnul
Zin
The Shining One
Jiyva
Lugonu


Innate Abilities, Weirdness & Mutations

You are very small and have problems with some larger weapons.
You are too small for most types of armour.
You have supernaturally acute eyesight. (SInv)
You cover ground extremely quickly. (Speed+++)


Message History

a +0 flail; a +0 leather armour The kobold shouts!
The kobold barely misses you.
You closely miss the kobold. The kobold misses you.
You hit the kobold but do no damage. The kobold hits you with a +0 dagger.
Unknown command.
Unknown command.
You hit the kobold.
You kill the kobold!
Sif Muna accepts your kill.
There is an open door, spattered with blood here.
Things that are here:
a +0 dagger; a kobold corpse You open the door.
A river rat comes into view.
There is an open door here.
The helpless river rat fails to defend itself.
You puncture the river rat!
You kill the river rat!
Sif Muna accepts your kill.
Unknown command.
Unknown command.
Unknown command.
You open the door.
A white ugly thing comes into view.
There is an open door here.
The helpless white ugly thing fails to defend itself.
You puncture the white ugly thing!
The white ugly thing is moderately wounded.
The white ugly thing tentacle-slaps you!
The white ugly thing freezes you!
Ouch! That really hurt!
* * * LOW HITPOINT WARNING * * *
Unknown command.
Unknown command.
You feel much better.
The white ugly thing tentacle-slaps you.
The white ugly thing freezes you!!
Ouch! That really hurt!
You die...

#.#...)))[.##.......#
#.#...)))[.##.......#
#)###########.......#
#.......# #########
#.).#...# #...#...#
#.##.##.#+#
#...#...#u+
#...#...#@#
#.......'†#
###########


You could see a white ugly thing.

Vanquished Creatures
  A glass eye (D)
  An orc priest (D)
  An orc wizard (D)
  A mummy (D)
  A gnoll (D)
  An adder (D)
  A river rat (D)
  2 ufetubi (D)
  3 orcs (D)
  A bat (D)
  A giant cockroach (D)
  A goblin (D)
  3 jackals (D)
  A quokka (D)
  2 ball pythons (D)
  A kobold (D)
  A quokka zombie (D)
23 creatures vanquished.

Notes
Turn   | Place    | Note
-------+----------+-------------------------------------------
     0 | D        | Groucho the Spriggan Earth Elementalist began the quest for
                  | the Orb.
     0 | D        | Reached XP level 1. HP: 9/9 MP: 5/5
    11 | D        | Reached skill level 1 in Conjurations
    11 | D        | Reached skill level 3 in Earth Magic
    37 | D        | Found a glowing golden altar of the Shining One.
    37 | D        | Found a glowing silver altar of Zin.
    37 | D        | Found a basalt altar of Yredelemnul.
    37 | D        | Found a shimmering altar of Xom.
    37 | D        | Found an ornate altar of the Wu Jian Council.
    37 | D        | Found a bloodstained altar of Trog.
    37 | D        | Found a shimmering blue altar of Sif Muna.
    37 | D        | Found a sacrificial altar of Ru.
    37 | D        | Found a stormy altar of Qazlal.
    37 | D        | Found an iron altar of Okawaru.
    37 | D        | Found a sparkling altar of Nemelex Xobeh.
    37 | D        | Found a burning altar of Makhleb.
    37 | D        | Found a viscous altar of Jiyva.
    37 | D        | Found a hazy altar of Hepliaklqana.
    37 | D        | Found an opulent altar of Gozag.
    37 | D        | Found a blossoming altar of Fedhas.
    37 | D        | Found a white marble altar of Elyvilon.
    37 | D        | Found a shadowy altar of Dithmenos.
    37 | D        | Found a snail-covered altar of Cheibriados.
    38 | D        | Found a radiant altar of Vehumet.
    38 | D        | Found a corrupted altar of Lugonu.
    39 | D        | Found an ancient bone altar of Kikubaaqudgha.
    39 | D        | Found a hide-covered altar of Uskayaw.
    39 | D        | Found a broken altar of Ashenzari.
    42 | D        | Became a worshipper of Sif Muna the Loreminder
   245 | D        | Reached XP level 2. HP: 13/13 MP: 3/7
   275 | D        | Reached * piety under Sif Muna
   295 | D        | Reached ** piety under Sif Muna
   296 | D        | Reached skill level 4 in Earth Magic
   612 | D        | Noticed a glass eye
   649 | D        | Killed a glass eye
   650 | D        | Reached skill level 5 in Conjurations
   650 | D        | Reached skill level 6 in Earth Magic
   650 | D        | Reached XP level 3. HP: 16/16 MP: 0/11
   650 | D        | Reached XP level 4. HP: 21/21 MP: 0/13
   650 | D        | Reached XP level 5. HP: 24/24 MP: 0/14
  1115 | D        | Learned a level 3 spell: Stone Arrow
  1120 | D        | Learned a level 4 spell: Petrify
  1175 | D        | Reached *** piety under Sif Muna
  1332 | D        | Reached skill level 7 in Earth Magic
  1519 | D        | Reached **** piety under Sif Muna
  1520 | D        | Reached skill level 1 in Short Blades
  1520 | D        | Reached skill level 1 in Alchemy
  1528 | D        | Reached skill level 1 in Fighting
  1528 | D        | Reached XP level 6. HP: 30/30 MP: 6/16
  1548 | D        | Reached ***** piety under Sif Muna
  1946 | D        | Noticed a white ugly thing
  1948 | D        | HP: 1/30 [white ugly thing (16)]
  1949 | D        | Slain by a white ugly thing

Illustrated notes

Levels and vault maps discovered:
D:        pitsprint [storerooms_1, entrance_room_1, metal_vault_1, armoury_1,
          mini_pit_1, grid_room_1, main_hall_1, silver_pit, the_coven_3,
          the_vestibule_1, steel_vault_4, golden_pit, hallway_of_sentries,
          crystal_vault_2, iron_vault_2, final_vault]

Skill      XL: |  1  2  3  4  5 |
---------------+----------------+-----
Conjurations   | 2 5 |  5.6
Earth Magic    | 3 6 7 |  7.3
Spellcasting   | 3 6 |  6.6
Invocations    | 3 4 |  4.2
Short Blades   | 1 |  1.8
Alchemy        | 1 |  1.7
Fighting       | 1 |  1.2
Stealth        | 4 |  4.2
Dodging        | |  2.6

Action                     |  1- 3 |  4- 6 || total
---------------------------+-------+-------++-------
  Melee: Dagger            |     3 |     5 ||     8
   Cast: Sandblast         |    18 |     2 ||    20
         Stone Arrow       |       |    16 ||    16
 Invoke: Channel Magic     |       |     1 ||     1
    Use: Potion            |       |     1 ||     1
   Stab: Sleeping          |       |     2 ||     2
 Armour: Robe              |       |     8 ||     8
  Dodge: Dodged            |    11 |    10 ||    21
